 Dungeon Crawl Stone Soup version 0.26-a0-438-g4b1dca4 (webtiles) character file.

Game seed: 17179325300914852775

189 Cunctator the Insei (level 5, 0/41 HPs)
             Began as a Gnoll Transmuter on July 26, 2020.
             Slain by a water moccasin zombie (5 damage)
             ... in an ossuary.
             The game lasted 00:19:07 (3124 turns).

Cunctator the Insei (Gnoll Transmuter)              Turns: 3124, Time: 00:19:07

Health: 0/41       AC:  2    Str: 12    XL:     5   Next: 68%
Magic:  8/12       EV: 24    Int: 17    God:
Gold:   157        SH:  0    Dex: 20    Spells: 8/14 levels left

rFire    . . .     SeeInvis .     - Unarmed
rCold    . . .     Faith    .   (shield currently unavailable)
rNeg     . . .     Spirit   .   (armour currently unavailable)
rPois    x         Reflect  .   (helmet currently unavailable)
rElec    .         Harm     .   (cloak currently unavailable)
rCorr    .                      (gloves currently unavailable)
MR       .....                  (boots currently unavailable)
Stlth    ++........             (no amulet)
HPRegen  0.13/turn              (no ring)
MPRegen  0.13/turn              (no ring)

@: spider-form, wereblooded
A: tiny, distributed training, strong nose
a: End Transformation


You were in an ossuary.
You were a venomous arachnid creature.
You visited 1 branch of the dungeon, and saw 4 of its levels.
You also visited: Ossuary.

You collected 157 gold pieces.


Innate Abilities, Weirdness & Mutations

Your experience applies equally to all skills.
((You have very sharp teeth.))
Your uncanny sense of smell can sniff out nearby items.


   Skills:
 + Level 3.0 Fighting
 + Level 1.6 Short Blades
 + Level 1.6 Long Blades
 + Level 1.6 Axes
 + Level 1.6 Maces & Flails
 + Level 1.6 Polearms
 + Level 1.6 Staves
 + Level 1.6 Slings
 + Level 1.6 Bows
 + Level 1.6 Crossbows
 + Level 1.6 Throwing
 + Level 1.6 Armour
 + Level 4.8 Dodging
 + Level 1.6 Stealth
 + Level 1.6 Shields
 + Level 6.7 Unarmed Combat
 + Level 5.2 Spellcasting
 + Level 1.2 Conjurations
 + Level 1.2 Hexes
 + Level 1.2 Summonings
 + Level 1.2 Necromancy
 + Level 1.2 Translocations
 + Level 4.0 Transmutations
 + Level 1.2 Fire Magic
 + Level 1.2 Ice Magic
 + Level 1.2 Air Magic
 + Level 1.2 Earth Magic
 + Level 1.2 Poison Magic
 + Level 1.8 Invocations
 + Level 1.6 Evocations


You had 8 spell levels left.
You knew the following spells:

 Your Spells              Type           Power        Failure   Level
x - Spider Form           Tmut/Pois      ##........   32%         3
y - Wereblood             Tmut           ###.....     13%         2
z - Beastly Appendage     Tmut           ###...       10%         1

Your spell library contained the following spells:

 Spells                   Type           Power        Failure   Level
 Ice Form                 Ice/Tmut       ##......     65%         4
 Blade Hands              Tmut           ###.......   78%         5

Inventory:

Hand Weapons
 c - a +0 dagger
 p - a +0 short sword
 r - a +0 halberd
 s - a +0 spear
 x - a +0 whip (melded)
Missiles
 g - 30 poisoned darts (quivered)
 h - 36 bolts
 j - 56 stones
 m - 49 sling bullets
 q - 4 throwing nets {=f}
 A - 8 atropa-tipped darts
Armour
 a - a +0 robe
 l - a +0 helmet (melded)
 o - a cursed +0 leather armour
 C - a +0 leather armour (melded)
Jewellery
 z - a +6 ring of dexterity {unknown}
Wands
 w - a wand of iceblast (10)
Scrolls
 b - 2 scrolls of amnesia {unknown}
 d - 4 scrolls of identify {unknown}
 e - a scroll of teleportation {unknown}
 f - 2 scrolls of enchant weapon {unknown}
 i - 2 scrolls of immolation {unknown}
 y - a scroll of noise {unknown}
Potions
 k - a potion of magic {unknown}
 n - a potion of curing {unknown}
 t - a potion of degeneration {unknown}
 u - 3 potions of invisibility {unknown}
 v - a potion of flight {unknown}
 B - a potion of heal wounds {unknown}

Dungeon Overview and Level Annotations

Branches:
Dungeon (4/15)            Ossuary (1/1)
 Temple: D:4-7

Altars:

Annotations:
D:2 exclusion: downstairs
D:3 Jessica

▒+▒▒▒ ▒...▒
▒...▒ ▒Z..▒
▒...▒ ▒▒▒'▒
▒s^^▒ ▒▒▒▒
▒▒▒▒▒^Z.▒
▒!!!!▒...▒..^▒
+?))!▒.∩.'.^.▒
▒?!!!▒...▒..∩▒
▒▒▒ ▒▒▒▒▒▒▒▒▒


You could see a water moccasin zombie.


Message History

The orc zombie is destroyed!
You closely miss the water moccasin zombie.
The water moccasin zombie is lightly damaged.
The water moccasin zombie barely misses you.
Press: ? - help, v - describe, . - travel
Here: a water moccasin zombie (lightly damaged)
An arrow trap.
You completely miss the water moccasin zombie.
The water moccasin zombie is lightly damaged.
The water moccasin zombie closely misses you.
The water moccasin zombie bites you.
* * * LOW HITPOINT WARNING * * *
Okay, then.
Okay, then.
Cast which spell? (? or * to list)
The spell is quite dangerous to cast (19% risk of failure)!
Continue anyway?
You turn into a venomous arachnid creature.
Your +0 whip melds into your body.
Your +0 helmet melds into your body.
Your +0 leather armour melds into your body.
The water moccasin zombie bites you.
* * * LOW HITPOINT WARNING * * *
You hit the water moccasin zombie.
The water moccasin zombie is lightly damaged.
The water moccasin zombie bites you!
* * * LOW HITPOINT WARNING * * *
You bite the water moccasin zombie!
The water moccasin zombie is moderately damaged.
The water moccasin zombie bites you.
You die...

Action                   |  1- 3 |  4- 6 || total
-------------------------+-------+-------++-------
Melee: Unarmed           |    47 |    39 ||    86
       Kick              |     5 |    14 ||    19
       Punch             |     4 |     2 ||     6
       Dagger            |    48 |    32 ||    80
       Bite              |     9 |    11 ||    20
       Headbutt          |     6 |     8 ||    14
       Whip              |       |    26 ||    26
Throw: Stone             |       |     4 ||     4
 Cast: Beastly Appendage |     8 |     7 ||    15
       Wereblood         |     3 |     3 ||     6
       Spider Form       |       |     1 ||     1
 Stab: Sleeping          |     3 |     4 ||     7
Armor: Robe              |    12 |     8 ||    20
       Leather armour    |       |     6 ||     6
Dodge: Dodged            |    61 |    77 ||   138

Levels and vault maps discovered:
D:1:      lightli_arrival_quake, layout_basic
D:2:      layout_basic
D:3:      layout_basic, uniq_jessica
D:4:      layout_loops_ring, nicolae_ossuary_entry_giza, st_stairs_1,
          uniq_menkaure
Ossuary:  ossuary_tomb_2

Notes
Turn   | Place    | Note
-------+----------+-------------------------------------------
     0 | D:1      | Cunctator the Gnoll Transmuter began the quest for the Orb.
     0 | D:1      | Reached XP level 1. HP: 17/17 MP: 6/6
   328 | D:1      | Reached XP level 2. HP: 23/23 MP: 7/7
   821 | D:1      | Learned a level 2 spell: Wereblood
  1430 | D:2      | Reached XP level 3. HP: 22/28 MP: 7/9
  1526 | D:2      | Reached skill level 5 in Spellcasting
  1806 | D:2      | Reached skill level 1 in Invocations
  1813 | D:2      | Reached skill level 1 in Short Blades
  1813 | D:2      | Reached skill level 1 in Long Blades
  1813 | D:2      | Reached skill level 1 in Axes
  1813 | D:2      | Reached skill level 1 in Maces & Flails
  1813 | D:2      | Reached skill level 1 in Polearms
  1813 | D:2      | Reached skill level 1 in Staves
  1813 | D:2      | Reached skill level 1 in Slings
  1813 | D:2      | Reached skill level 1 in Bows
  1813 | D:2      | Reached skill level 1 in Crossbows
  1813 | D:2      | Reached skill level 1 in Throwing
  1813 | D:2      | Reached skill level 1 in Armour
  1813 | D:2      | Reached skill level 1 in Stealth
  1813 | D:2      | Reached skill level 1 in Shields
  1813 | D:2      | Reached skill level 1 in Evocations
  1813 | D:2      | Reached XP level 4. HP: 28/34 MP: 8/11
  2064 | D:2      | Reached skill level 1 in Conjurations
  2064 | D:2      | Reached skill level 1 in Hexes
  2064 | D:2      | Reached skill level 1 in Summonings
  2064 | D:2      | Reached skill level 1 in Necromancy
  2064 | D:2      | Reached skill level 1 in Translocations
  2064 | D:2      | Reached skill level 1 in Fire Magic
  2064 | D:2      | Reached skill level 1 in Ice Magic
  2064 | D:2      | Reached skill level 1 in Air Magic
  2064 | D:2      | Reached skill level 1 in Earth Magic
  2064 | D:2      | Reached skill level 1 in Poison Magic
  2164 | D:3      | Noticed Jessica
  2902 | D:4      | Reached XP level 5. HP: 31/40 MP: 10/12
  2910 | D:4      | Reached skill level 3 in Fighting
  2932 | D:4      | Found a sand-covered staircase.
  2950 | D:4      | Reached skill level 4 in Transmutations
  3043 | Ossuary  | Entered an ossuary
  3073 | Ossuary  | Learned a level 3 spell: Spider Form
  3124 | Ossuary  | Slain by a water moccasin zombie

Vanquished Creatures
  A hound (D:4)
  A worker ant (D:4)
  A mummy (D:4)
  4 gnolls (D:2)
  2 adders (D:2)
  4 adder zombies (Ossuary)
  2 dart slugs (D:1)
  3 leopard geckos (D:3)
  2 orcs (D:3)
  3 goblins
  2 hobgoblins
  2 jackals (D:1)
  6 kobolds
  A ball python (D:1)
  4 bats
  5 frilled lizards
  A hobgoblin zombie (D:4)
  An orc zombie (D:4)
  11 rats
56 creatures vanquished.

Vanquished Creatures (others)
  An orc zombie (Ossuary)
1 creature vanquished.

Grand Total: 57 creatures vanquished
